 Dungeon Crawl Stone Soup version 0.25.1-8-g42b30a86e7 (webtiles) character file.

Game seed: 7541697684513225216

8852 RosmoRope the Fencer (level 11, -4/82 HPs)
             Began as a Minotaur Berserker on Nov 10, 2020.
             Was a High Priest of Trog.
             Slain by a red ugly thing (18 damage)
             ... on level 11 of the Dungeon on Dec 10, 2020.
             The game lasted 00:21:19 (10889 turns).

RosmoRope the Fencer (Minotaur Berserker)          Turns: 10889, Time: 00:21:19

Health: -4/82      AC: 15    Str: 27    XL:     11   Next: 15%
Magic:  10/10      EV:  9    Int:  4    God:    Trog [*****.]
Gold:   615        SH:  0    Dex: 14    Spells: 10/10 levels left

rFire    . . .     SeeInvis +   u - +0 great sword
rCold    . . .     Gourm    .   (shield currently unavailable)
rNeg     . . .     Faith    .   j - +0 plate armour
rPois    .         Spirit   .   (helmet restricted)
rElec    .         Reflect  .   H - scarf {repulsion}
rCorr    .         Harm     .   (no gloves)
MR       .....                  (no boots)
Stlth    ..........             (no amulet)
HPRegen  0.23/turn              o - ring of see invisible
MPRegen  0.12/turn              y - +6 ring of strength

@: repel missiles
A: retaliatory headbutt, horns 2
a: Berserk, Trog's Hand, Brothers in Arms, Renounce Religion


You were on level 11 of the Dungeon.
You worshipped Trog.
Trog was extremely pleased with you.
You were hungry.

You visited 1 branch of the dungeon, and saw 11 of its levels.

You collected 615 gold pieces.

Inventory:

Hand Weapons
 u - a +0 great sword (weapon)
 x - a +2 vorpal falchion
 C - a +5 long sword of flaming
Armour
 j - a +0 plate armour (worn)
 v - a +0 tower shield
 E - +0 swamp dragon scales
 H - a scarf of repulsion (worn)
Jewellery
 l - a +6 ring of intelligence
 o - a ring of see invisible (left hand)
 y - a +6 ring of strength (right hand)
 G - an uncursed ring of protection from cold
Wands
 a - a wand of digging (10)
 g - a wand of flame (31)
 k - a wand of random effects (20)
 D - a wand of clouds (6)
Scrolls
 e - 6 scrolls of identify
 f - a scroll of immolation {unknown}
 h - 7 scrolls of teleportation {unknown}
 i - 7 scrolls of fear {unknown}
 n - 6 scrolls of remove curse
 q - 2 scrolls of magic mapping {unknown}
 s - 2 scrolls of enchant weapon {unknown}
 w - 5 scrolls of amnesia {unknown}
 I - a scroll of blinking {unknown}
 J - a scroll of enchant armour {unknown}
 K - a scroll of acquirement {unknown}
Potions
 b - 2 potions of mutation {unknown}
 d - a potion of resistance {unknown}
 m - 2 potions of flight {unknown}
 p - 5 potions of heal wounds {unknown}
 r - a potion of degeneration {unknown}
 t - 3 potions of curing {unknown}
 z - a potion of might {unknown}
 A - a potion of haste {unknown}
 B - a potion of cancellation {unknown}
 M - a potion of lignification {unknown}
Miscellaneous
 F - a phantom mirror
Comestibles
 c - 19 rations
 L - 4 chunks of flesh


   Skills:
 - Level 3.6 Fighting
 + Level 16.0 Long Blades
 + Level 12.2 Armour
 - Level 2.1 Dodging


You had 10 spell levels left.
You didn't know any spells.
Your spell library was empty.

Dungeon Overview and Level Annotations

Branches:
Dungeon (11/15)            Temple (0/1) D:5            Lair (0/6) D:9
    Orc (0/2) D:9

Altars:
Dithmenos
Elyvilon
Fedhas
Nemelex Xobeh
Okawaru
Ru
Wu Jian
Zin
The Shining One

Shops:
D:6 :   D:8 (


Innate Abilities, Weirdness & Mutations

You reflexively headbutt those who attack you in melee.
You have a pair of horns on your head.


Message History

You closely miss the red ugly thing.
The red ugly thing is heavily wounded.
The red ugly thing completely misses you.
You barely miss the red ugly thing.
The red ugly thing is heavily wounded.
The red ugly thing claws you.
You are engulfed in flames!!
You closely miss the red ugly thing. You headbutt the red ugly thing.
The red ugly thing is heavily wounded.
The ufetubus shouts!
You slash the red ugly thing!
You headbutt the red ugly thing, but do no damage.
The red ugly thing is severely wounded.
The red ugly thing claws you.
You are engulfed in flames!
* * * LOW HITPOINT WARNING * * *
You hit the red ugly thing but do no damage.
The red ugly thing is severely wounded.
The red ugly thing claws you!
* * * LOW HITPOINT WARNING * * *
You are engulfed in flames!!
You die...

.. #####........##
#..#######..............
#.......................
#.......................
#.......................
#...........########....
#...........#......#....
......u.....'......'....
.......@....#.....(#...#
.#..........#......#...#
##.........#.<#+#'#...#
≈≈≈≈..##....####.......#
≈≈5≈≈# #...............#
..544 ..............(..
4.4. ≈.................
#.## ..........>.....
......>.....


You could see a red ugly thing, 4 ice devils and 2 ufetubi.

Vanquished Creatures
  Harold (D:7)
  2 two-headed ogres
  A cyclops (D:11)
  2 gargoyles (D:10)
  Maggie (D:7)
  A komodo dragon (D:9)
  Prince Ribbit (D:7)
  A hippogriff (D:7)
  4 hogs (D:7)
  A wyvern (D:10)
  A human (D:7)
  A warg (D:9)
  Menkaure (D:7)
  Duvessa (D:5)
  4 orc warriors
  A black bear (D:9)
  2 sky beasts
  2 ogres
  A centaur (D:8)
  A crocodile (D:9)
  2 big kobolds (D:9)
  4 bullfrogs
  Dowan (D:5)
  3 scorpions
  13 killer bees
  3 howler monkeys
  2 crimson imps
  A centaur zombie (D:7)
  A quasit (D:9)
  A bullfrog zombie (D:8)
  4 orc priests
  A gnoll shaman (D:5)
  3 hounds
  2 jellies
  11 orc wizards
  Crazy Yiuf (D:5)
  4 bullfrog skeletons
  4 iguanas
  6 worker ants
  A hound zombie (D:5)
  5 adders
  12 gnolls
  8 river rats (D:5)
  A white imp (D:6)
  4 oozes
  2 adder skeletons
  7 worms
  A dart slug (D:2)
  7 leopard geckos
  38 orcs
  A ball python (D:3)
  4 giant cockroaches
  14 goblins
  8 hobgoblins
  2 jackals (D:4)
  16 kobolds
  13 quokkas
  10 bats
  5 frilled lizards
  A leopard gecko skeleton (D:8)
  2 leopard gecko zombies
  A quokka skeleton (D:4)
  16 rats
276 creatures vanquished.

Vanquished Creatures (others)
  An orc wizard (D:5)
  A plant (D:9)
2 creatures vanquished.

Grand Total: 278 creatures vanquished

Notes
Turn   | Place    | Note
-------+----------+-------------------------------------------
     0 | D:1      | RosmoRope the Minotaur Berserker began the quest for the
                  | Orb.
     0 | D:1      | Reached XP level 1. HP: 19/19 MP: 0/0
   198 | D:1      | Reached skill level 4 in Long Blades
   225 | D:1      | Reached XP level 2. HP: 26/26 MP: 1/1
   634 | D:1      | Reached skill level 5 in Long Blades
   636 | D:1      | Reached ** piety under Trog
   812 | D:2      | Reached XP level 3. HP: 31/31 MP: 2/2
   838 | D:2      | Found a faded altar of an unknown god.
   905 | D:2      | Reached XP level 4. HP: 39/39 MP: 3/3
  1162 | D:2      | Reached skill level 6 in Long Blades
  1468 | D:3      | Reached XP level 5. HP: 42/45 MP: 4/4
  1587 | D:3      | Found an iron altar of Okawaru.
  1818 | D:3      | Noticed an ogre
  1823 | D:3      | Killed an ogre
  1823 | D:3      | Reached skill level 7 in Long Blades
  2225 | D:4      | Reached *** piety under Trog
  2225 | D:4      | Reached XP level 6. HP: 51/51 MP: 5/5
  2325 | D:4      | You fall into a shaft and drop 1 floor!
  2325 | D:5      | Entered Level 5 of the Dungeon
  2339 | D:5      | Reached skill level 8 in Long Blades
  2545 | D:4      | Reached XP level 7. HP: 57/57 MP: 6/6
  2577 | D:4      | Got a scorched ring mail
  2583 | D:4      | Identified the cursed +0 ring mail "Rurixif" {-Tele rN++}
                  | (You found it on level 4 of the Dungeon)
  2703 | D:4      | Reached skill level 9 in Long Blades
  2991 | D:5      | Noticed Duvessa
  2993 | D:5      | Noticed Dowan
  3003 | D:5      | Killed Duvessa
  3003 | D:5      | Reached skill level 5 in Armour
  3019 | D:5      | Killed Dowan
  3272 | D:5      | Found a staircase to the Ecumenical Temple.
  3385 | D:5      | Reached skill level 10 in Long Blades
  3618 | D:5      | Reached **** piety under Trog
  3644 | D:5      | Reached XP level 8. HP: 64/64 MP: 7/7
  4007 | D:5      | Found a runed translucent door.
  4008 | D:5      | Noticed Crazy Yiuf
  4164 | D:5      | Killed Crazy Yiuf
  4261 | D:6      | Found a glowing silver altar of Zin.
  4261 | D:6      | Found a sacrificial altar of Ru.
  4272 | D:6      | Found a glowing golden altar of the Shining One.
  4272 | D:6      | Found a blossoming altar of Fedhas.
  4274 | D:6      | Found a sparkling altar of Nemelex Xobeh.
  4274 | D:6      | Found a shadowy altar of Dithmenos.
  4614 | D:6      | Found Daivamm's Book Emporium.
  4650 | D:6      | Reached ***** piety under Trog
  4650 | D:6      | Reached skill level 11 in Long Blades
  5283 | D:7      | Noticed a hippogriff
  5293 | D:7      | Killed a hippogriff
  5395 | D:7      | Noticed Harold
  5413 | D:7      | Killed Harold
  5413 | D:7      | Reached skill level 12 in Long Blades
  5413 | D:7      | Reached XP level 9. HP: 60/70 MP: 8/8
  5682 | D:7      | Noticed Maggie
  5685 | D:7      | Noticed Prince Ribbit
  5698 | D:7      | Killed Maggie
  5698 | D:7      | Reached skill level 13 in Long Blades
  5708 | D:7      | Killed Prince Ribbit
  5879 | D:7      | Noticed Menkaure
  5881 | D:7      | Killed Menkaure
  6053 | D:7      | Found an ornate altar of the Wu Jian Council.
  6088 | D:7      | Received a gift from Trog
  6528 | D:7      | Reached skill level 10 in Armour
  6538 | D:7      | Reached XP level 10. HP: 30/77 MP: 9/9
  6541 | D:7      | Reached skill level 14 in Long Blades
  7005 | D:8      | Noticed a two-headed ogre
  7015 | D:8      | Killed a two-headed ogre
  7385 | D:8      | Found Bowkohank's Antique Weapon Shop.
  7488 | D:8      | Found a white marble altar of Elyvilon.
  8117 | D:9      | Found a staircase to the Orcish Mines.
  8123 | D:9      | Upgraded the game from 0.25.1-2-g60ff931df9 to
                  | 0.25.1-8-g42b30a86e7
  8556 | D:9      | Found a staircase to the Lair.
  8601 | D:9      | Reached skill level 15 in Long Blades
  9133 | D:10     | Entered Level 10 of the Dungeon
  9263 | D:10     | Noticed a gargoyle
  9269 | D:10     | Killed a gargoyle
  9501 | D:10     | Noticed a two-headed ogre
  9508 | D:10     | Killed a two-headed ogre
  9595 | D:10     | Noticed a gargoyle
  9607 | D:10     | Killed a gargoyle
  9607 | D:10     | Reached XP level 11. HP: 44/82 MP: 10/10
 10860 | D:11     | Reached skill level 16 in Long Blades
 10880 | D:11     | Noticed a red ugly thing
 10889 | D:11     | Slain by a red ugly thing

Illustrated notes

Levels and vault maps discovered:
D:1:      dpeg_arrival_castle, layout_rooms, serial_forest,
          infiniplex_forest_clump_tiny, infiniplex_forest_end_double,
          infiniplex_forest_lined_2, infiniplex_forest_lined_3_way,
          infiniplex_forest_corner_1, infiniplex_forest_clump_C,
          infiniplex_forest_lined_corner, infiniplex_forest_lined_3_way,
          infiniplex_forest_clump_cross
D:2:      layout_rooms, first_ration, chequers_ecumenical_altar_simple_redux
D:3:      layout_basic, hangedman_decor_clover_reticule,
          hangedman_decor_peaks_small, ebering_dispersal_statue_hall,
          okawaru_trees_2
D:4:      layout_gridville
D:5:      lemuel_ratsnest, layout_loops_ring, minmay_temple_entry_water_ring,
          uniq_duvessa, uniq_crazy_yiuf_cottage
D:6:      layout_loops_corners, grunt_temple_overflow_open, serial_shops, shop,
          minmay_fire_ice_demons
D:7:      layout_cave_pools, lemuel_doored_altar, grunt_livestock,
          uniq_prince_ribbit1, uniq_maggie, uniq_harold, uniq_menkaure
D:8:      layout_basic, elyvilon_altar_5, serial_shops,
          nicolae_shop_overgrown_old_shop
D:9:      layout_irregular_city, david_lair_shrubbed, erik_orc_4
D:10:     layout_gridville
D:11:     cheibrodos_frozen_isle, layout_irregular_city

Skill      XL: |  1  2  3  4  5  6  7  8  9 10 11 |
---------------+----------------------------------+-----
Long Blades    | 4 5 6 7 8 10 12 13 15 16 | 16.0
Armour         | 3 4 5 8 10 12 | 12.2
Fighting       | |  3.6
Dodging        | |  2.1

Action                   |  1- 3 |  4- 6 |  7- 9 | 10-12 || total
-------------------------+-------+-------+-------+-------++-------
Melee: Falchion          |    69 |    76 |       |       ||   145
       Headbutt          |    17 |    26 |    58 |    52 ||   153
       Great sword       |       |    43 |   277 |   203 ||   523
Invok: Berserk           |       |     2 |     7 |     3 ||    12
       Trog's Hand       |       |       |     1 |       ||     1
  Use: Scroll            |       |     1 |     4 |     5 ||    10
  Eat: Chunk             |       |     7 |     6 |     9 ||    22
       Ration            |       |       |     4 |     2 ||     6
Armor: Animal skin       |     5 |       |       |       ||     5
       Plate armour      |    43 |    81 |   223 |   130 ||   477
       Scale mail        |     2 |       |       |       ||     2
Dodge: Dodged            |    38 |    64 |   115 |   103 ||   320
       Repelled          |       |       |       |     1 ||     1
       Rpst.: Falchion   |     9 |     9 |       |       ||    18
       Great sword       |       |    10 |    25 |    25 ||    60
